 Dungeon Crawl Stone Soup version 0.27-a0-965-gbf8bb431c4 (webtiles) character file.

Game seed: 7541354457657691183

462 Mgcat the Conjurer (level 7, 0/59 HPs)
             Began as an Ogre Conjurer on Apr 12, 2021.
             Slain by a kobold brigand
             ... wielding a +0 dagger
              (3 damage)
             ... in a sewer.
             The game lasted 00:05:40 (4148 turns).

Mgcat the Conjurer (Ogre Conjurer)                  Turns: 4148, Time: 00:05:40

Health: 0/59       AC:  4    Str: 12    XL:     7   Next: 7%
Magic:  9/15       EV:  9    Int: 21    God:
Gold:   68         SH:  0    Dex:  7    Spells: 9/16 levels left

rFire    . . .     SeeInvis .   b - +0 dagger (elec)
rCold    . . .     Faith    .   (no shield)
rNeg     . . .     Spirit   .   a - +1 robe
rPois    .         Reflect  .   (helmet restricted)
rElec    .         Harm     .   (no cloak)
rCorr    .         Rampage  .   (gloves unavailable)
Will     .....                  (boots unavailable)
Stlth    +.........             (no amulet)
HPRegen  0.19/turn              (no ring)
MPRegen  0.14/turn              (no ring)

@: lethally poisoned (0 -> -4), slowed, very slow
A: large, unfitting armour, tough skin 1
a: no special abilities


You were in a sewer.
You visited 1 branch of the dungeon, and saw 4 of its levels.
You also visited: Sewer.

You collected 68 gold pieces.

Inventory:

Hand Weapons
 b - a +0 dagger of electrocution (weapon)
   (You took it off a goblin on level 4 of the Dungeon)
Armour
 a - a +1 robe (worn)
Magical Staves
 e - a staff of fire {rF+}
   (You found it on level 1 of the Dungeon)
Wands
 l - a wand of flame (19)
   (You found it on level 2 of the Dungeon)
Scrolls
 d - 2 scrolls of teleportation
Potions
 c - a potion of curing
 k - 2 potions of attraction {unknown}
 n - a potion of ambrosia
 p - a potion of magic
 q - a potion of degeneration {!q}


   Skills:
 - Level 1.7 Dodging
 - Level 1.4 Stealth
 + Level 5.4 Spellcasting
 + Level 5.4 Conjurations
 + Level 2.7 Translocations


You had 9 spell levels left.
You knew the following spells:

 Your Spells              Type           Power      Damage    Failure   Level
a - Magic Dart            Conj           100%       1d8       1%          1
b - Searing Ray           Conj           56%        3d5       1%          2
c - Iskenderun's Mystic   Conj/Tloc      22%        2d6       19%         4

Your spell library contained the following spells:

 Spells                   Type           Power      Damage    Failure   Level
 Dazzling Flash           Conj/Hex       34%        N/A       10%         3
 Fulminant Prism          Conj/Hex       8%         3d7       32%         4


Dungeon Overview and Level Annotations

Branches:
Dungeon (4/15)              Sewer (1/1)
 Temple: D:4-7

Altars:
Ru

Shops:
D:2 !   D:3 :


Innate Abilities, Weirdness & Mutations

You are too large for most types of armour.
You have tough skin. (AC +1)


Message History

Moving in this stuff is going to be slow.
You enter the shallow water.
Moving in this stuff is going to be slow.
You enter the shallow water.
Moving in this stuff is going to be slow.
You enter the shallow water.
Moving in this stuff is going to be slow.
You enter the shallow water.
Moving in this stuff is going to be slow.
Key pressed, stopping explore.
You enter the shallow water.
Moving in this stuff is going to be slow.
You enter the shallow water.
Moving in this stuff is going to be slow.
You enter the shallow water.
Moving in this stuff is going to be slow.
A kobold and a kobold brigand come into view.
The kobold brigand is wielding a +0 dagger and quivering curare-tipped darts.
The kobold brigand shouts!
The kobold shouts!
The kobold brigand throws a curare-tipped dart.
The curare-tipped dart hits you.
You are poisoned.
You have difficulty breathing.
You feel yourself slow down.
You take 5 damage, and have 52/59 hp.
MP restored: 15
Casting: Magic Dart (safe; 1% risk of failure)
Confirm with . or Enter, or press ? or * to list all spells.
Aiming: Magic Dart (safe; 1% risk of failure)
Press: ? - help, Shift-Dir - straight line, f - kobold
Aim: a kobold, wielding a +0 club and quivering stones (0% to evade)
The magic dart hits the kobold.
You kill the kobold!
You hear a splash. x2
You feel very sick.
The kobold brigand throws a curare-tipped dart.
The curare-tipped dart hits you.
You are more poisoned.
You have difficulty breathing.
You feel as though you will be slow longer.
Casting: Magic Dart (safe; 1% risk of failure)
Confirm with . or Enter, or press ? or * to list all spells.
Aiming: Magic Dart (safe; 1% risk of failure)
Press: ? - help, Shift-Dir - straight line, f - kobold brigand
Aim: a kobold brigand, wielding a +0 dagger and quivering curare-tipped darts (0% to evade)
The magic dart hits the kobold brigand.
The kobold brigand is lightly wounded.
You feel extremely sick.
The kobold brigand throws a curare-tipped dart.
The curare-tipped dart hits you.
You are more poisoned.
You have difficulty breathing.
You feel as though you will be slow longer.
Casting: Magic Dart (safe; 1% risk of failure)
Confirm with . or Enter, or press ? or * to list all spells.
Aiming: Magic Dart (safe; 1% risk of failure)
Press: ? - help, Shift-Dir - straight line, f/p - kobold brigand
Aim: a kobold brigand, wielding a +0 dagger and quivering curare-tipped darts (lightly wounded, 0% to evade)
The magic dart hits the kobold brigand.
The kobold brigand is moderately wounded.
You feel extremely sick.
Casting: Magic Dart (safe; 1% risk of failure)
Confirm with . or Enter, or press ? or * to list all spells.
Aiming: Magic Dart (safe; 1% risk of failure)
Press: ? - help, Shift-Dir - straight line, f/p - kobold brigand
Aim: a kobold brigand, wielding a +0 dagger and quivering curare-tipped darts (moderately wounded, 0% to evade)
The magic dart hits the kobold brigand.
The kobold brigand is moderately wounded.
* * * LOW HITPOINT WARNING * * *
You feel very sick.
Casting: Magic Dart (safe; 1% risk of failure)
Confirm with . or Enter, or press ? or * to list all spells.
Aiming: Magic Dart (safe; 1% risk of failure)
Press: ? - help, Shift-Dir - straight line, f/p - kobold brigand
Aim: a kobold brigand, wielding a +0 dagger and quivering curare-tipped darts (moderately wounded, 0% to evade)
The magic dart hits the kobold brigand!
The kobold brigand is heavily wounded.
* * * LOW HITPOINT WARNING * * *
You feel very sick.
Casting: Magic Dart (safe; 1% risk of failure)
Confirm with . or Enter, or press ? or * to list all spells.
Aiming: Magic Dart (safe; 1% risk of failure)
Press: ? - help, Shift-Dir - straight line, f/p - kobold brigand
Aim: a kobold brigand, wielding a +0 dagger and quivering curare-tipped darts (heavily wounded, 0% to evade)
The magic dart hits the kobold brigand.
The kobold brigand is severely wounded.
* * * LOW HITPOINT WARNING * * *
You feel very sick.
You take 47 damage, and have 5/59 hp.
MASSIVE DAMAGE!!
You now have 10/15 mp.
Casting: Magic Dart (safe; 1% risk of failure)
Confirm with . or Enter, or press ? or * to list all spells.
Aiming: Magic Dart (safe; 1% risk of failure)
Press: ? - help, Shift-Dir - straight line, f/p - kobold brigand
Aim: a kobold brigand, wielding a +0 dagger and quivering curare-tipped darts (severely wounded, 0% to evade)
The magic dart hits the kobold brigand.
The kobold brigand is severely wounded.
* * * LOW HITPOINT WARNING * * *
You feel sick.
The kobold brigand hits you with a +0 dagger.
You die...

#.###≈# #≈..≈≈# ##≈≈≈##
#≈≈.# #.≈.# ##≈≈≈#
##..≈.# ### ###≈.≈≈.#
#####≈≈≈≈.
≈≈.≈≈.≈########≈@K.≈#
≈≈≈≈≈####≈≈....≈###≈≈≈).
≈...## #.≈≈≈..≈≈# ###
≈...####.≈≈....≈###≈≈≈≈
≈≈.≈.##≈≈≈.####≈≈≈≈.#
≈≈..≈≈.≈≈≈## #####≈≈≈≈
≈...≈..≈≈## ##
∩..≈≈..≈≈# .......≈≈#


You could see a kobold brigand.

Vanquished Creatures
  4 kobold brigands (Sewer)
  A hound skeleton (D:4)
  5 adders
  A river rat (Sewer)
  An adder skeleton (D:4)
  5 worms
  3 dart slugs
  An orc (D:2)
  5 ball pythons
  5 bats
  8 endoplasms
  9 giant cockroaches
  9 goblins
  2 hobgoblins
  13 jackals
  8 kobolds
  4 quokkas
  5 frilled lizards
  9 rats
98 creatures vanquished.

Notes
Turn   | Place    | Note
-------+----------+-------------------------------------------
     0 | D:1      | Mgcat the Ogre Conjurer began the quest for the Orb.
     0 | D:1      | Reached XP level 1. HP: 16/16 MP: 3/3
   260 | D:1      | Reached XP level 2. HP: 21/24 MP: 0/5
   397 | D:1      | Reached skill level 3 in Spellcasting
   410 | D:1      | You fall into a shaft and drop 1 floor!
   471 | D:2      | Reached skill level 4 in Conjurations
   471 | D:2      | Reached XP level 3. HP: 28/31 MP: 0/7
  1251 | D:2      | Found a sacrificial altar of Ru.
  1422 | D:2      | Reached XP level 4. HP: 39/39 MP: 6/9
  1868 | D:2      | Reached skill level 4 in Spellcasting
  2045 | D:2      | Found Genitec's Distillery.
  2165 | D:2      | Learned a level 4 spell: Iskenderun's Mystic Blast
  2168 | D:2      | Learned a level 2 spell: Searing Ray
  2474 | D:3      | Reached XP level 5. HP: 44/45 MP: 0/11
  2717 | D:3      | Found a faded altar of an unknown god.
  2988 | D:3      | Found Wuanlaihia's Book Shoppe.
  3205 | D:4      | Reached skill level 1 in Translocations
  3290 | D:4      | Found a glowing drain.
  3312 | Sewer    | Entered a sewer
  3550 | Sewer    | Noticed a kobold brigand
  3559 | Sewer    | Killed a kobold brigand
  3560 | Sewer    | Reached skill level 5 in Conjurations
  3560 | Sewer    | Reached XP level 6. HP: 42/53 MP: 3/13
  3817 | Sewer    | Reached skill level 5 in Spellcasting
  3817 | Sewer    | Reached skill level 2 in Translocations
  4040 | Sewer    | Reached XP level 7. HP: 49/59 MP: 4/15
  4145 | Sewer    | HP: 12/59 [poisoned by kobold brigand (curare-tipped dart)]
  4147 | Sewer    | HP: 5/59 [poisoned by kobold brigand (curare-tipped dart)]
  4148 | Sewer    | Slain by a kobold brigand

Illustrated notes

Levels and vault maps discovered:
D:1:      psy_arrival_terrarium, layout_basic
D:2:      layout_basic, serial_shops, nicolae_shop_trees, basic_altar,
          minmay_worlds_worst_comb
D:3:      layout_basic, serial_shops, shop,
          shapermc_ecumenical_altar_mp_highgroup, minmay_misc_feat_plants,
          amcnicky_mini_corridor_feature
D:4:      layout_gridville, serial_shops, nicolae_shop_waterfront,
          portal_sewer_entry_a
Sewer:    sewer_co_tree

Skill      XL: |  1  2  3  4  5  6 |
---------------+-------------------+-----
Spellcasting   | 3 4 5 |  5.4
Conjurations   | 4 5 |  5.4
Translocations | 1 2 |  2.7
Dodging        | |  1.7
Stealth        | |  1.4

Action                   |  1- 3 |  4- 6 |  7- 9 || total
-------------------------+-------+-------+-------++-------
Melee: Unarmed           |    11 |       |       ||    11
       Staff             |     3 |       |       ||     3
       Dagger            |       |    18 |       ||    18
 Cast: Magic Dart        |    85 |   170 |     7 ||   262
  Use: Scroll            |       |    11 |       ||    11
Armor: Robe              |    10 |    12 |       ||    22
Dodge: Dodged            |    11 |    25 |       ||    36

Table legend: (Time is in decaauts)
 A = Elapsed time spent in this place.
 B = Non-inter-level travel time spent in this place.
 C = Inter-level travel time spent in this place.
 D = Time resting spent in this place.
 E = Time spent auto-exploring this place.
 F = Levels seen in this place.
 G = Mean time per level.
                   A        B        C        D        E       F      G
               +--------+--------+--------+--------+--------+-----+--------+
         Total |   4245 |   4120 |    125 |     96 |   3529 |   5 |  849.0 |
       Dungeon |   3307 |   3182 |    125 |     96 |   2693 |   4 |  826.8 |
         Sewer |    938 |    938 |      0 |      0 |    836 |   1 |  938.0 |
               +--------+--------+--------+--------+--------+-----+--------+

Top non-repeatable levels by time:
     D:2: 1299 daAuts
     D:3: 958 daAuts
   Sewer: 938 daAuts
     D:1: 909 daAuts
     D:4: 140 daAuts

Table legend:
 A = Kills in this place as a percentage of kills in entire the game.
 B = Kills by you in this place as a percentage of kills by you in the entire game.
 C = Kills by friends in this place as a percentage of kills by friends in the entire game.
 D = Other kills in this place as a percentage of other kills in the entire game.
 E = Experience gained in this place as a percentage of experience gained in the entire game.
 F = Experience gained in this place divided by the number of levels of this place that you have seen.
                   A       B       C       D       E      F
               +-------+-------+-------+-------+-------+----------------------
         Total | 100.0 | 100.0 |   N/A |   N/A | 100.0 | 132.2
       Dungeon |  80.6 |  80.6 |   N/A |   N/A |  33.1 |  54.8
         Sewer |  19.4 |  19.4 |   N/A |   N/A |  66.9 | 442.0
               +-------+-------+-------+-------+-------+----------------------
